 Dungeon Crawl Stone Soup version 0.25.1-9-gc5326a611f (webtiles) character file.

Game seed: 5622442786809554650

92168 jlumianski the Cleaver (level 16, -3/100 HPs)
             Began as a Gargoyle Fighter on Dec 30, 2020.
             Was the Champion of Qazlal.
             Killed from afar by Qymaymp's ghost (31 damage)
             ... with a stone arrow
             ... on level 14 of the Dungeon on Jan 1, 2021.
             The game lasted 02:23:05 (30549 turns).

jlumianski the Cleaver (Gargoyle Fighter)          Turns: 30549, Time: 02:23:08

Health: -3/100     AC: 40    Str: 22    XL:     16   Next: 5%
Magic:  24/24      EV:  9    Int: 10    God:    Qazlal [******]
Gold:   1580       SH: 21    Dex:  7    Spells: 15/15 levels left

rFire    + . .     SeeInvis .   p - +2 war axe (flame)
rCold    . . .     Gourm    .   c - +0 kite shield
rNeg     + + .     Faith    .   G - +2 chain mail "Plog" {Slay+3}
rPois    ∞         Spirit   .   E - +2 helmet
rElec    +         Reflect  .   K - +2 cloak
rCorr    .         Harm     .   (no gloves)
MR       +++..                  R - +2 pair of boots
Stlth    ..........             A - amulet of regeneration
HPRegen  0.66/turn              M - +4 ring of protection
MPRegen  0.19/turn              N - ring of Deruustrosm {rN+ MR++ Str-4 Slay+2 Stlth+}

@: liquid flames, protected from fire, flying, glowing, repel missiles
A: big wings, blink, clumsy 1, negative energy resistance 1, electricity
resistance, unbreathing, petrification resistance, rot immunity, AC +12
a: Stop Flying, Blink, Upheaval, Elemental Force, Disaster Area, Renounce
Religion


You were on level 14 of the Dungeon.
You worshipped Qazlal.
Qazlal was exalted by your worship.
You were near starving.

You visited 5 branches of the dungeon, and saw 24 of its levels.
You also visited: Ice Cave.

You collected 2800 gold pieces.
You spent 1220 gold pieces at shops.

Inventory:

Hand Weapons
 m - the +1 dagger "Ohoapnu" {antimagic, rPois MR++ Str+2 Int+2}
   (You found it on level 1 of the Lair of Beasts)

   It reduces the magical energy of the wielder, and disrupts the spells and
   magical abilities of those hit.
   Natural abilities and divine invocations are not affected.
   It affects your strength (+2).
   It affects your intelligence (+2).
   It protects you from poison.
   It affects your resistance to hostile enchantments.
 p - a +2 war axe of flaming (weapon)
 I - a +3 broad axe
 S - a +1 war axe of freezing
Missiles
 a - 16 boomerangs
 g - 72 poisoned darts (quivered)
 Q - 3 throwing nets
 T - 5 silver boomerangs
Armour
 c - a +0 kite shield (worn)
 n - a scarf of invisibility
 E - a +2 helmet (worn)
 G - the +2 chain mail "Plog" (worn) {Slay+3}
   (You found it on level 6 of the Dungeon)

   It affects your accuracy and damage with ranged weapons and melee attacks
   (+3).
 K - a +2 cloak (worn)
 R - a +2 pair of boots (worn)
Jewellery
 h - an uncursed ring of see invisible
 u - a +6 ring of strength
 x - an uncursed ring of protection from cold
 A - an amulet of regeneration (around neck)
 H - an uncursed ring of protection from magic
 M - a +4 ring of protection (left hand)
 N - the ring of Deruustrosm (right hand) {rN+ MR++ Str-4 Slay+2 Stlth+}
   (You found it on level 7 of the Dungeon)

   [ring of stealth]

   It affects your strength (-4).
   It affects your accuracy and damage with ranged weapons and melee attacks
   (+2).
   It protects you from negative energy.
   It affects your resistance to hostile enchantments.
   It makes you more stealthy.
 P - an uncursed ring of resist corrosion
 U - an uncursed ring of protection from fire
 V - a +4 ring of protection
Wands
 e - a wand of clouds (6)
 o - a wand of disintegration (2)
 s - a wand of digging (11)
 w - a wand of iceblast (39)
 J - a wand of random effects (21)
Scrolls
 b - 5 scrolls of teleportation
 r - 5 scrolls of fear
 y - 2 scrolls of magic mapping
 B - 5 scrolls of identify
 F - 7 scrolls of remove curse
 O - 3 scrolls of blinking
Potions
 d - 7 potions of might
 i - 3 potions of haste
 k - 2 potions of berserk rage
 t - 3 potions of curing
 z - a potion of ambrosia
 D - 3 potions of lignification
 L - 3 potions of invisibility
 X - 6 potions of heal wounds
Miscellaneous
 j - 3 phantom mirrors
 l - 2 boxes of beasts
 q - a lightning rod (3/4)
Comestibles
 f - 46 rations


   Skills:
 + Level 11.4 Fighting
 + Level 14.5 Axes
 + Level 1.6 Throwing
 + Level 10.6 Armour
 - Level 3.5 Dodging
 - Level 1.3 Stealth
 + Level 14.4 Shields
 * Level 11.3 Invocations
 * Level 6.6 Evocations


You had 15 spell levels left.
You didn't know any spells.
Your spell library contained the following spells:

 Spells                   Type           Power        Failure   Level  Hunger
 Animate Skeleton         Necr           N/A          94%         1    ##.....
 Apportation              Tloc           #.....       94%         1    ##.....
 Corona                   Hex            #......      94%         1    ##.....
 Foxfire                  Conj/Fire      #...         94%         1    ##.....
 Magic Dart               Conj           #...         94%         1    ##.....
 Shock                    Conj/Air       #...         94%         1    ##.....
 Summon Small Mammal      Summ           #...         94%         1    ##.....
 Blink                    Tloc           N/A          98%         2    ###....
 Call Imp                 Summ           #.......     98%         2    ###....
 Passwall                 Tmut/Erth      #.......     98%         2    ###....
 Poisonous Vapours        Pois/Air       #.....       98%         2    ###....
 Searing Ray              Conj           #.....       98%         2    ###....
 Slow                     Hex            #.......     98%         2    ###....
 Swiftness                Chrm/Air       #.......     98%         2    ###....
 Conjure Flame            Conj/Fire      #.......     100%        3    ####...
 Dazzling Flash           Conj/Hex       #.....       100%        3    ####...
 Inner Flame              Hex/Fire       #.......     100%        3    ####...
 Mephitic Cloud           Conj/Pois/Air  #.......     100%        3    ####...
 Static Discharge         Conj/Air       #.......     100%        3    ####...
 Airstrike                Air            #.........   100%        4    #####..
 Fulminant Prism          Conj/Hex       #.........   100%        4    #####..
 Iskenderun's Mystic Bla  Conj/Tloc      #.......     100%        4    #####..
 Passage of Golubria      Tloc           N/A          100%        4    #####..
 Sticky Flame             Conj/Fire      #.......     100%        4    #####..
 Fireball                 Conj/Fire      #.........   100%        5    ######.
 Lee's Rapid Deconstruct  Erth           #.........   100%        5    ######.
 Lightning Bolt           Conj/Air       #.........   100%        5    ######.
 Darkness                 Hex            #.........   100%        6    #######
 Freezing Cloud           Conj/Ice/Air   #.........   100%        6    #######
 Invisibility             Hex            #.......     100%        6    #######
 Ring of Flames           Chrm/Fire      #.........   100%        7    #######


Dungeon Overview and Level Annotations

Branches:
Dungeon (14/15)            Temple (1/1) D:7            Lair (6/6) D:9
 Shoals (1/4) Lair:4        Snake (0/4) Lair:2        Slime (0/5) Lair:5
    Orc (2/2) D:12            Elf (0/3) Orc:2        Vaults (0/5) D:13
  IceCv (visited)

Altars:
Ashenzari
Cheibriados
Dithmenos
Fedhas
Gozag
Hepliaklqana
Kikubaaqudgha
Makhleb
Nemelex Xobeh
Okawaru
Qazlal
Ru
Sif Muna
Trog
Uskayaw
Vehumet
Wu Jian
Xom
Yredelemnul
Zin
The Shining One
Beogh

Shops:
D:7 (   D:10 *   D:13 (   Orc:1 !   Orc:2 }=[

Annotations:
D:14 Qymaymp's ghost, adept GrEE


Innate Abilities, Weirdness & Mutations

You are resistant to torment.
Your stone body is resilient. (AC +12)
You are immune to poison.
Your large and strong wings let you fly indefinitely.
You resist negative energy. (rN+)
You are resistant to electric shocks. (rElec)
You can survive without breathing.
You are immune to petrification.
You are immune to rotting.
You can translocate small distances at will.
You are clumsy. (Dex -2)


Message History

Qymaymp's ghost conjures a glowing orb.
The wavering orb of destruction weakly hits Qymaymp's ghost!!
You completely miss Qymaymp's ghost.
Qymaymp's ghost is severely damaged.
You are covered in liquid flames!
You feel more protected from fire.
* * * LOW HITPOINT WARNING * * *
Qymaymp's ghost sprays you with burning goo.
The sticky flame hits you but does no damage.
You are covered in liquid flames!
You feel more protected from fire.
Qymaymp's ghost hits Qymaymp's ghost but does no damage.
You hit Qymaymp's ghost.
Qymaymp's ghost is almost destroyed.
You are covered in liquid flames!
You feel more protected from fire.
* * * LOW HITPOINT WARNING * * *
Qymaymp's ghost casts a spell at you. The stone arrow hits you!!
You die...

#....#..##y..##..#.##....
#....#..p..©.....#.###.##
##.#.#..##...##..#.# #...
#.#.#..#8...8#..#.# ####
#.#.#..##...##..#.# #..
#.#.#†.yz.......#.# #.#
#...#©pWypZ[$...#.# ##.#
##...#############.###...
#.......@W○©.............
##...####○W.......####...
##...## ##.>.....## ##..
#.....# ##.....## ###
#.....# ##...## # #.....#
##'## # ##...## #####.###
# #.### #.......# # #.#
#.###.#.#########


You could see a skeletal warrior, a flayed ghost, 2 necromancers, 2 vampire
mosquitoes, Qymaymp's ghost, a fire giant simulacrum and the friendly Qymaymp's
ghost (summoned, drained).

Vanquished Creatures
  Gastronok (D:10)
  A fire giant (D:11)
  A frost giant (IceCv)
  Snorg (D:13)
  An ettin (D:12)
  Josephine (D:13)
  3 vault guards (D:13)
  The ghost of BroShek the Black Sun, a journeyman DsGl of Kikubaaqudgha (Orc:2)
  Harold (D:7)
  6 hydras
  Erica (D:12)
  3 catoblepae (Lair:6)
  A death knight (D:12)
  2 centaur warriors
  7 death yaks
  A spectral stone giant (D:14)
  3 two-headed ogres
  4 orc high priests
  3 skeletal warriors
  An unseen horror (D:14)
  A wizard (D:12)
  An orc knight (D:12)
  3 ugly things
  3 necromancers (D:13)
  4 oklob plants
  A moth of wrath (Orc:2)
  2 cyclopes
  2 manticores (Lair:6)
  6 elephants (Lair:4)
  6 black mambas
  Maggie (Lair:1)
  8 spiny frogs
  2 rime drakes
  7 komodo dragons
  A freezing wraith (D:11)
  16 polar bears
  A queen bee (D:12)
  7 trolls
  3 meliai
  A hornet (D:11)
  9 blink frogs
  7 hippogriffs
  4 dream sheep (Lair:4)
  A snapping turtle (Lair:4)
  6 basilisks
  3 wyverns
  65 yaks
  4 wraiths (D:13)
  19 humans (D:13)
  4 vampire mosquitoes
  2 hungry ghosts
  A steam dragon (D:9)
  9 wargs
  5 nagas (Lair:2)
  3 soldier ants
  12 water moccasins
  11 porcupines
  Duvessa (D:4)
  4 sky beasts
  6 ice beasts
  21 orc warriors
  An eye of draining (D:14)
  3 phantoms
  9 ogres
  29 wolves
  19 centaurs
  13 crocodiles
  2 big kobolds
  16 bullfrogs
  A gnoll sergeant (Orc:1)
  Dowan (D:4)
  A water moccasin zombie (D:12)
  A water moccasin skeleton (D:8)
  3 scorpions
  35 killer bees
  A howler monkey (D:7)
  2 electric eels
  8 crimson imps
  2 quasits
  3 bullfrog zombies
  2 centaur zombies
  5 hounds
  3 jellies
  3 bullfrog skeletons
  5 centaur skeletons
  29 orc priests
  26 orc wizards
  Ijyb (D:3)
  4 iguanas
  15 worker ants
  2 hound zombies
  3 hound skeletons
  Robin (D:4)
  3 gnolls (Orc:1)
  A worker ant zombie (D:10)
  13 adders
  6 shadow imps
  3 oozes
  4 worms
  6 dart slugs
  7 leopard geckos
  74 orcs
  10 bats
  5 giant cockroaches
  18 goblins
  13 hobgoblins
  8 jackals
  14 kobolds
  5 quokkas
  4 ball pythons
  7 frilled lizards
  A jackal skeleton (D:4)
  A leopard gecko skeleton (D:5)
  7 rats
  2 butterflies (Lair:5)
  A plant (Lair:3)
778 creatures vanquished.

Vanquished Creatures (collateral kills)
  Rupert (Lair:4)
  An oklob plant (Lair:2)
  An orc sorcerer (Orc:2)
  A komodo dragon (Lair:4)
  An orc warrior (Orc:2)
  A killer bee (D:12)
6 creatures vanquished.

Vanquished Creatures (others)
  A polar bear (IceCv)
  A wolf (IceCv)
  A killer bee (D:12)
  12 fungi
  11 plants
26 creatures vanquished.

Grand Total: 810 creatures vanquished

Notes
Turn   | Place    | Note
-------+----------+-------------------------------------------
     0 | D:1      | jlumianski the Gargoyle Fighter began the quest for the
                  | Orb.
     0 | D:1      | Reached XP level 1. HP: 14/14 MP: 1/1
   394 | D:1      | Reached XP level 2. HP: 19/19 MP: 2/2
   752 | D:1      | Reached XP level 3. HP: 23/23 MP: 3/3
  1586 | D:2      | Reached XP level 4. HP: 28/29 MP: 4/4
  1664 | D:2      | Reached XP level 5. HP: 28/33 MP: 5/5
  2008 | D:2      | Noticed an ice beast
  2017 | D:2      | Killed an ice beast
  2017 | D:2      | Reached XP level 6. HP: 38/38 MP: 6/6
  2833 | D:3      | Noticed Ijyb
  2841 | D:3      | Killed Ijyb
  3209 | D:4      | Reached skill level 1 in Dodging
  3519 | D:4      | Found a sparkling altar of Nemelex Xobeh.
  3588 | D:4      | Noticed a phantom
  3624 | D:4      | Killed a phantom
  3624 | D:4      | Reached XP level 7. HP: 27/43 MP: 7/7
  3771 | D:4      | Noticed Robin
  3815 | D:4      | Killed Robin
  4050 | D:4      | Noticed Duvessa
  4052 | D:4      | Noticed Dowan
  4060 | D:4      | Killed Duvessa
  4060 | D:4      | Reached skill level 5 in Axes
  4060 | D:4      | Reached skill level 5 in Shields
  4309 | D:4      | Killed Dowan
  4471 | D:5      | Entered Level 5 of the Dungeon
  4652 | D:5      | Reached XP level 8. HP: 42/48 MP: 8/8
  5041 | D:5      | Reached skill level 5 in Fighting
  5532 | D:5      | Reached skill level 5 in Armour
  5856 | D:6      | Got a polished chain mail
  5867 | D:6      | Identified the +2 chain mail "Plog" {Slay+3} (You found it
                  | on level 6 of the Dungeon)
  6655 | D:7      | Found a transporter.
  6655 | D:7      | Found a staircase to the Ecumenical Temple.
  6655 | D:7      | Found a transporter.
  6661 | Temple   | Entered the Ecumenical Temple
  6672 | Temple   | Became a worshipper of Qazlal Stormbringer
  6786 | D:7      | Reached XP level 9. HP: 54/54 MP: 9/9
  6811 | D:7      | Found Unnynw Fuore's Weapon Shop.
  6818 | D:7      | Got a twisted plate armour
  6829 | D:7      | Identified the +3 plate armour of Masochism {rPois rC+
                  | Str+2} (You found it on level 7 of the Dungeon)
  6850 | D:7      | Found a shadowy altar of Dithmenos.
  7177 | D:7      | Found a roughly hewn altar of Beogh.
  7195 | D:7      | Reached skill level 1 in Stealth
  7771 | D:7      | Reached * piety under Qazlal
  8043 | D:7      | Got a scintillating copper ring
  8044 | D:7      | Identified the ring of Deruustrosm {rN+ MR++ Str-4 Slay+2
                  | Stlth+} (You found it on level 7 of the Dungeon)
  8047 | D:7      | Found a radiant altar of Vehumet.
  8122 | D:7      | Noticed Harold
  8135 | D:7      | Killed Harold
  8514 | D:7      | Reached XP level 10. HP: 47/61 MP: 10/10
  9226 | D:8      | Got a crude quarterstaff
  9652 | D:9      | Reached ** piety under Qazlal
 10049 | D:9      | Found an ancient bone altar of Kikubaaqudgha.
 10146 | D:9      | Found an iron altar of Okawaru.
 10148 | D:9      | Found a bloodstained altar of Trog.
 10151 | D:9      | Found an opulent altar of Gozag.
 10420 | D:9      | Reached skill level 10 in Axes
 10532 | D:9      | Found a staircase to the Lair.
 10642 | D:10     | Entered Level 10 of the Dungeon
 10830 | D:10     | Noticed Gastronok
 10836 | D:10     | Reached skill level 1 in Invocations
 10857 | D:10     | Killed Gastronok
 10857 | D:10     | Reached skill level 1 in Throwing
 10857 | D:10     | Reached XP level 11. HP: 38/68 MP: 10/13
 10867 | D:10     | Reached *** piety under Qazlal
 11094 | D:10     | Found Reec's General Store.
 11100 | D:10     | Noticed a two-headed ogre
 11113 | D:10     | Bought a scroll of teleportation for 36 gold pieces
 11902 | D:10     | Killed a two-headed ogre
 12400 | D:11     | Noticed a cyclops
 12401 | D:11     | Reached **** piety under Qazlal
 12414 | D:11     | Killed a cyclops
 12577 | D:11     | Noticed a skeletal warrior
 12577 | D:11     | Noticed a skeletal warrior
 12578 | D:11     | Noticed a skeletal warrior
 12629 | D:10     | Killed a skeletal warrior
 12650 | D:10     | Killed a skeletal warrior
 12992 | D:11     | Reached skill level 5 in Invocations
 13248 | D:11     | Killed a skeletal warrior
 13319 | D:11     | Reached XP level 12. HP: 72/75 MP: 15/15
 13719 | D:12     | Noticed a two-headed ogre
 13743 | D:11     | Killed a two-headed ogre
 13935 | D:12     | Reached skill level 10 in Shields
 14214 | D:12     | Noticed a centaur warrior
 14369 | D:11     | Killed a centaur warrior
 14385 | D:11     | Reached ***** piety under Qazlal
 14926 | D:12     | Noticed an ettin
 15250 | D:12     | Noticed a death knight
 15268 | D:12     | Noticed a fire giant
 15746 | D:12     | Found a staircase to the Orcish Mines.
 15829 | D:12     | You fall into a shaft and drop 2 floors!
 16057 | D:14     | Noticed a seven-headed hydra
 16062 | D:14     | Killed a three-headed hydra
 16110 | D:14     | Reached XP level 13. HP: 17/80 MP: 10/18
 16116 | D:14     | Found a transporter.
 16705 | D:11     | HP: 3/80 [fire giant/+0 great sword of flaming (15)]
 16705 | D:11     | HP: 1/80 [fire giant/+0 great sword of flaming (2)]
 16707 | D:11     | Killed a fire giant
 17219 | D:7      | Identified the cursed +0 chain mail of the Valley of Death
                  | {rPois rF- Str+6} (You found it on level 7 of the Dungeon)
 17348 | Lair:1   | Entered Level 1 of the Lair of Beasts
 17367 | D:9      | Gained mutation: You are clumsy. (Dex -2) [potion of
                  | mutation]
 17367 | D:9      | Gained mutation: You can translocate small distances at
                  | will. [potion of mutation]
 17590 | Lair:1   | Noticed Maggie
 17601 | Lair:1   | Killed Maggie
 17688 | Lair:1   | Identified the +1 dagger "Ohoapnu" {antimagic, rPois MR++
                  | Str+2 Int+2} (You found it on level 1 of the Lair of
                  | Beasts)
 17713 | Lair:1   | You fall into a shaft and drop 1 floor!
 17876 | Lair:2   | Reached ****** piety under Qazlal
 17904 | Lair:2   | Found a staircase to the Snake Pit.
 18141 | Lair:1   | Reached skill level 1 in Evocations
 18553 | Lair:1   | Got an iridescent mace
 18554 | Lair:1   | Identified the cursed +1 mace "Untifih" {elec, Fragile +Inv
                  | Str+3 Int+3 Dex+4} (You found it on level 1 of the Lair of
                  | Beasts)
 20131 | Lair:3   | Reached skill level 10 in Fighting
 20237 | Lair:3   | Gained mutation: Your large and strong wings let you fly
                  | indefinitely. [Gargoyle growth]
 20237 | Lair:3   | Reached XP level 14. HP: 85/88 MP: 20/20
 20972 | Lair:4   | Noticed Rupert
 20980 | Lair:4   | Killed Rupert
 20996 | Lair:4   | Found a staircase to the Shoals.
 21067 | Shoals:1 | Entered Level 1 of the Shoals
 21216 | Lair:4   | Found a frozen archway.
 21286 | IceCv    | Entered an ice cave
 21838 | IceCv    | Noticed a frost giant
 21854 | IceCv    | Killed a frost giant
 23412 | Lair:4   | Reached skill level 10 in Invocations
 23449 | Lair:4   | Reached skill level 10 in Armour
 23691 | Lair:5   | You are sucked into a shaft and drop 1 floor!
 23691 | Lair:6   | Entered Level 6 of the Lair of Beasts
 24209 | Lair:5   | Found a staircase to the Slime Pits.
 24454 | Lair:6   | Reached XP level 15. HP: 93/93 MP: 22/22
 24507 | Lair:6   | Reached skill level 5 in Evocations
 25724 | Orc:1    | Entered Level 1 of the Orcish Mines
 25724 | Orc:1    | Found Loimex's Distillery.
 25724 | Orc:1    | Noticed Erica
 25782 | D:12     | Killed Erica
 25837 | Orc:1    | Bought a potion of heal wounds for 80 gold pieces
 25837 | Orc:1    | Bought 2 potions of heal wounds for 160 gold pieces
 25837 | Orc:1    | Bought a potion of heal wounds for 80 gold pieces
 25837 | Orc:1    | Bought a potion of heal wounds for 80 gold pieces
 26030 | Orc:2    | Entered Level 2 of the Orcish Mines
 26487 | Orc:2    | Found a staircase to the Elven Halls.
 27337 | Orc:2    | Noticed BroShek's ghost (journeyman DsGl)
 27345 | Orc:2    | Found a transporter.
 27367 | Orc:2    | Found a transporter.
 27741 | Orc:2    | Found Liome's Armour Shop.
 27741 | Orc:2    | Found Jueleaju's Gadget Boutique.
 27742 | Orc:2    | Found Headghimm's Jewellery Boutique.
 27749 | Orc:2    | Found Syugajiuf's Assorted Antiques.
 27755 | Orc:2    | Bought a +4 ring of protection for 504 gold pieces
 27755 | Orc:2    | Bought an uncursed ring of resist corrosion for 280 gold
                  | pieces
 28039 | Orc:2    | Killed BroShek's ghost
 28117 | Orc:2    | Got a brightly glowing brass ring
 28124 | Orc:2    | Identified the ring of the Augurer {Fire +Fly rElec Slay-5
                  | Stlth-} (You found it on level 2 of the Orcish Mines)
 29303 | D:13     | Found Vomacvaw's Antique Weapon Emporium.
 29372 | D:13     | Noticed Josephine
 29386 | D:13     | Killed Josephine
 29407 | D:13     | Noticed Snorg
 29444 | D:13     | Killed Snorg
 29488 | D:13     | Found a glowing silver altar of Zin.
 29910 | D:13     | Found a gate to the Vaults.
 30043 | D:14     | Reached XP level 16. HP: 100/100 MP: 24/24
 30208 | D:14     | Noticed Qymaymp's ghost (adept GrEE)
 30242 | D:14     | Found a transporter.
 30549 | D:14     | Killed from afar by Qymaymp's ghost

Illustrated notes

Levels and vault maps discovered:
D:1:      sevenhm_arrival_forest_fort_small_6, layout_basic,
          chequers_hall_statues_wall_a
D:2:      layout_basic
D:3:      layout_basic, first_ration, kennysheep_generic_room_7, uniq_ijyb
D:4:      layout_basic, nemelex_xobeh_ov_fountains_minmay, uniq_robin,
          uniq_duvessa
D:5:      layout_basic
D:6:      layout_cave_pods
D:7:      gammafunk_beogh_shrine, layout_rooms, nicolae_dithmenos_the_darkroom,
          nicolae_overflow_crystal_walls, minmay_temple_entry_overgrown,
          serial_shops, shop, uniq_harold
D:8:      layout_basic
D:9:      layout_big_octagon, old_standard_altar, grunt_temple_overflow_open,
          erik_lair_dragon, grunt_decor_one_mirror
D:10:     layout_loops_corners, serial_shops, shop, uniq_gastronok
D:11:     layout_stronghold, hangedman_pestilent_swarm
D:12:     regret_index_bee_streams, layout_cave_pods, orc_0_dummy,
          serial_bayou_pond_e, minmay_door_square
D:13:     layout_loops_corners, grunt_vaults_entry_tiered, serial_shops,
          nicolae_shop_crystal, basic_altar, uniq_snorg, uniq_josephine
D:14:     layout_loops_corners, gammafunk_ghost_mausoleum
Temple:   lightli_temple_of_artemis
Lair:1:   layout_regular_city, uniq_maggie
Lair:2:   layout_roguey, minmay_snake_entry_guardpost_medium, minmay_hedge_maze,
          serial_bayou_shore_b, minmay_lair_oklob_chamber
Lair:3:   layout_long_grid, serial_bayou, serial_bayou_shore_b,
          serial_bayou_shore_b, serial_bayou_lagoon_a, serial_bayou_crossing
Lair:4:   layout_cellular_growth, minmay_shoals_entry_hut,
          portal_ice_cave_entry_pillars_2, serial_bayou_shore_b, uniq_rupert
Lair:5:   layout_misc_corridors, dpeg_slime_entry_corner, lemuel_fruit_fields
Lair:6:   evilmike_catoblepas_cave, layout_hall_layers
Shoals:1: layout_shoals, uniq_nikola
Orc:1:    layout_caves, serial_shops, shop, uniq_erica
Orc:2:    st_orc_mages, layout_caves, gammafunk_ghost_berserking_beasts,
          mines3_lemuel

Skill      XL: |  1  2  3  4  5  6  7  8  9 10 11 12 13 14 15 |
---------------+----------------------------------------------+-----
Axes           | 2 3 4 5 7 8 10 11 12 13 14 | 14.5
Shields        | 4 5 6 7 8 9 11 12 13 14 | 14.4
Fighting       | 4 5 6 7 8 9 10 11 | 11.4
Armour         | 4 5 6 7 8 9 10 | 10.6
Dodging        | 1 2 3 |  3.5
Stealth        | 1 |  1.3
Invocations    | 3 5 7 9 10 11 | 11.3
Throwing       | 1 |  1.6
Evocations     | 2 4 6 |  6.6

Action                   |  1- 3 |  4- 6 |  7- 9 | 10-12 | 13-15 | 16-18 || total
-------------------------+-------+-------+-------+-------+-------+-------++-------
Melee: War axe           |   143 |   259 |   406 |   644 |  1122 |    50 ||  2624
Throw: Stone             |       |     1 |    22 |    11 |       |       ||    34
       Dart              |       |       |     2 |    12 |     4 |       ||    18
Invok: Upheaval          |       |       |       |       |     6 |       ||     6
       Elemental Force   |       |       |       |       |     6 |       ||     6
 Abil: Fly               |       |       |       |       |     1 |       ||     1
       Blink             |       |       |       |       |       |     1 ||     1
Evoke: Wand              |       |       |     1 |     4 |     6 |       ||    11
       Lightning rod     |       |       |       |       |     5 |     1 ||     6
       Box of beasts     |       |       |       |       |     1 |       ||     1
       Phantom mirror    |       |       |       |       |       |     1 ||     1
  Use: Scroll            |     4 |       |     5 |    10 |    12 |     1 ||    32
       Potion            |       |     2 |     3 |     2 |     9 |       ||    16
  Eat: Chunk             |     2 |     8 |    15 |    21 |    32 |       ||    78
       Ration            |       |       |       |     2 |     4 |       ||     6
Armor: Scale mail        |   106 |   145 |    34 |       |       |       ||   285
       Chain mail        |       |       |   195 |   393 |   466 |    22 ||  1076
Dodge: Dodged            |    51 |   102 |   108 |   184 |   226 |     5 ||   676
       Repelled          |       |       |       |     7 |    22 |     1 ||    30
Block: Kite shield       |    88 |   129 |   196 |   671 |  1203 |    32 ||  2319
